[ AOE2 MATCH · #507074562 ]
UnrankedPortuguese vs Teutons
Rival team · LOSS
[ REPLAY ANALYSIS · EXTRACTED FROM THE RECORDED GAME ]
Feudal
9:10
Castle
24:40
Imperial
56:39
| APM avg | 61.0 |
| APM peak | 100 |
| eAPM avg | 32.1 |
| Villagers / military | 222 / 192 |
Focus
⚔️ 38.3% · 🌾 61.7%
Knight ×155 · Archer ×20 · Monk ×4 · Militia ×3 · Scout Cavalry ×3 · Trebuchet (Packed) ×3
Feudal
8:31
Castle
26:52
Imperial
34:42
| APM avg | 43.8 |
| APM peak | 103 |
| eAPM avg | 20.2 |
| Villagers / military | 145 / 112 |
Focus
⚔️ 41.8% · 🌾 58.2%
Hand Cannoneer ×73 · Spearman ×24 · Bombard Cannon ×10 · Scorpion ×3 · Cavalry Archer ×2
Match map
Initial resources + every placement click. Lines = walls · curves = elevation contours. ◆ gold · ⬟ stone · ● berries · ✦ relic · ◌ wall gap
Your base· Open — unwalled flank
DS_Alec's base· Open — unwalled flank
Smoothed initial terrain · ◌ = detected wall gap · hover for details
Inputs per minute
— Pirate - - DS_Alec
Build order — Pirate
First 150 of 742 actions detected
| 0:00 | Create | Villager (Male) |
| 0:00 | Create | Villager (Male) |
| 0:01 | Build | House |
| 0:03 | Build | House |
| 0:05 | Create | Villager (Male) |
| 0:14 | Create | Villager (Male) |
| 1:28 | Create | Villager (Male) |
| 1:28 | Create | Villager (Male) |
| 1:48 | Build | Lumber Camp |
| 1:59 | Create | Villager (Male) |
| 2:14 | Create | Villager (Male) |
| 2:14 | Create | Villager (Male) |
| 2:45 | Create | Villager (Male) |
| 2:45 | Create | Villager (Male) |
| 2:51 | Create | Villager (Male) |
| 2:51 | Create | Villager (Male) |
| 3:38 | Create | Villager (Male) |
| 3:38 | Create | Villager (Male) |
| 3:55 | Build | House |
| 4:05 | Create | Villager (Male) |
| 4:05 | Create | Villager (Male) |
| 4:06 | Create | Villager (Male) |
| 4:28 | Build | House |
| 4:52 | Create | Villager (Male) |
| 4:52 | Create | Villager (Male) |
| 4:52 | Create | Villager (Male) |
| 4:53 | Create | Villager (Male) |
| 5:27 | Create | Villager (Male) |
| 5:29 | Build | Barracks |
| 5:32 | Create | Villager (Male) |
| 5:42 | Build | Palisade Wall |
| 5:53 | Research | Loom |
| 6:51 | Build | Mining Camp |
| 7:00 | Research | Feudal Age |
| 7:00 | Research | Feudal Age |
| 7:09 | Create | Militia |
| 7:29 | Create | Militia |
| 7:44 | Create | Militia |
| 8:03 | Build | House |
| 8:05 | Build | House |
| 8:06 | Build | House |
| 8:10 | Build | House |
| 8:15 | Build | Palisade Wall |
| 8:21 | Build | Palisade Wall |
| 8:24 | Build | Palisade Wall |
| 8:36 | Build | Palisade Wall |
| 8:40 | Build | Palisade Wall |
| 8:47 | Build | Palisade Wall |
| 8:51 | Create | Villager (Male) |
| 9:01 | Build | Mining Camp |
| 9:09 | Build | Palisade Wall |
| 9:10 | Build | Palisade Wall |
| 9:10 | Age | Feudal Age |
| 9:11 | Build | Palisade Wall |
| 9:12 | Create | Villager (Male) |
| 9:14 | Research | Man-at-Arms (upgrade) |
| 9:27 | Build | Mill |
| 9:43 | Build | Palisade Wall |
| 9:45 | Build | Palisade Wall |
| 9:45 | Build | Palisade Wall |
| 9:54 | Create | Villager (Male) |
| 9:54 | Create | Villager (Male) |
| 10:25 | Create | Villager (Male) |
| 10:31 | Build | Palisade Wall |
| 10:39 | Build | Watch Tower |
| 10:58 | Create | Villager (Male) |
| 10:58 | Create | Villager (Male) |
| 11:03 | Build | Palisade Wall |
| 11:05 | Build | Palisade Wall |
| 11:20 | Build | Farm |
| 11:23 | Create | Villager (Male) |
| 11:23 | Create | Villager (Male) |
| 11:56 | Build | Farm |
| 11:58 | Build | Farm |
| 11:59 | Build | Farm |
| 12:00 | Build | Farm |
| 12:08 | Create | Villager (Male) |
| 12:08 | Create | Villager (Male) |
| 12:40 | Create | Villager (Male) |
| 12:41 | Create | Villager (Male) |
| 12:54 | Build | Farm |
| 13:05 | Build | Farm |
| 13:13 | Create | Villager (Male) |
| 13:36 | Build | Farm |
| 13:37 | Build | Farm |
| 13:40 | Create | Villager (Male) |
| 13:40 | Create | Villager (Male) |
| 13:57 | Research | Arson |
| 13:57 | Research | Arson |
| 14:10 | Build | Farm |
| 14:11 | Create | Villager (Male) |
| 14:11 | Create | Villager (Male) |
| 14:36 | Create | Villager (Male) |
| 14:54 | Create | Villager (Male) |
| 14:54 | Create | Villager (Male) |
| 15:21 | Create | Villager (Male) |
| 15:24 | Build | Archery Range |
| 15:28 | Create | Villager (Male) |
| 15:57 | Create | Villager (Male) |
| 16:03 | Create | Villager (Male) |
| 16:04 | Create | Villager (Male) |
| 16:24 | Build | Mining Camp |
| 16:28 | Create | Villager (Male) |
| 16:38 | Research | Double-Bit Axe |
| 16:38 | Research | Double-Bit Axe |
| 17:08 | Create | Villager (Male) |
| 17:27 | Create | Archer |
| 17:27 | Create | Archer |
| 17:34 | Create | Villager (Male) |
| 17:37 | Build | Farm |
| 18:04 | Create | Villager (Male) |
| 18:06 | Create | Archer |
| 18:06 | Create | Archer |
| 18:23 | Build | House |
| 18:24 | Build | House |
| 18:45 | Create | Villager (Male) |
| 18:46 | Create | Archer |
| 18:55 | Build | House |
| 19:01 | Create | Villager (Male) |
| 19:01 | Create | Villager (Male) |
| 19:29 | Create | Archer |
| 19:29 | Create | Archer |
| 19:54 | Create | Villager (Male) |
| 19:55 | Create | Archer |
| 20:11 | Create | Villager (Male) |
| 20:17 | Build | Watch Tower |
| 20:40 | Build | Farm |
| 20:44 | Create | Villager (Male) |
| 20:45 | Create | Archer |
| 20:46 | Create | Archer |
| 21:04 | Build | Blacksmith |
| 21:17 | Create | Villager (Male) |
| 21:34 | Build | Farm |
| 21:34 | Build | Farm |
| 22:00 | Research | Castle Age |
| 22:00 | Research | Castle Age |
| 22:25 | Build | Farm |
| 22:27 | Research | Horse Collar |
| 22:40 | Research | Fletching |
| 22:40 | Research | Fletching |
| 22:45 | Build | House |
| 22:47 | Build | House |
| 23:03 | Create | Archer |
| 23:07 | Build | Stable |
| 23:20 | Create | Archer |
| 23:22 | Research | Scale Barding Armor |
| 23:33 | Build | Farm |
| 23:34 | Build | Farm |
| 23:34 | Build | Farm |
| 24:02 | Build | House |
Build order — DS_Alec
First 150 of 443 actions detected
| 0:00 | Create | Villager (Male) |
| 0:00 | Create | Villager (Male) |
| 0:02 | Build | House |
| 0:03 | Build | House |
| 0:05 | Create | Villager (Male) |
| 0:05 | Create | Villager (Male) |
| 1:39 | Create | Villager (Male) |
| 1:39 | Create | Villager (Male) |
| 2:10 | Create | Villager (Male) |
| 2:11 | Create | Villager (Male) |
| 2:51 | Create | Villager (Male) |
| 2:51 | Create | Villager (Male) |
| 3:15 | Build | Lumber Camp |
| 3:18 | Create | Villager (Male) |
| 3:18 | Create | Villager (Male) |
| 4:03 | Build | House |
| 4:12 | Create | Villager (Male) |
| 4:12 | Create | Villager (Male) |
| 4:19 | Create | Villager (Male) |
| 5:03 | Create | Villager (Male) |
| 5:03 | Create | Villager (Male) |
| 5:18 | Build | Mining Camp |
| 5:44 | Research | Loom |
| 6:18 | Research | Feudal Age |
| 7:04 | Create | Villager (Male) |
| 7:42 | Build | House |
| 8:31 | Age | Feudal Age |
| 8:37 | Build | Watch Tower |
| 8:48 | Build | Palisade Wall |
| 8:49 | Build | Palisade Wall |
| 8:50 | Build | Palisade Wall |
| 8:54 | Create | Villager (Male) |
| 9:04 | Build | Watch Tower |
| 9:10 | Create | Villager (Male) |
| 9:17 | Build | Palisade Wall |
| 9:18 | Build | Palisade Wall |
| 9:29 | Create | Villager (Male) |
| 9:31 | Build | Mill |
| 9:41 | Build | Outpost |
| 9:47 | Create | Villager (Male) |
| 9:52 | Create | Villager (Male) |
| 10:12 | Build | Watch Tower |
| 10:17 | Build | Palisade Wall |
| 10:18 | Build | Palisade Wall |
| 10:21 | Build | Palisade Wall |
| 10:26 | Create | Villager (Male) |
| 10:36 | Build | House |
| 10:47 | Create | Villager (Male) |
| 11:15 | Build | Watch Tower |
| 11:21 | Build | Palisade Wall |
| 11:33 | Build | Palisade Wall |
| 11:35 | Build | Palisade Wall |
| 11:36 | Build | Palisade Wall |
| 11:54 | Create | Villager (Male) |
| 11:59 | Build | Blacksmith |
| 12:15 | Build | Farm |
| 12:38 | Create | Villager (Male) |
| 12:42 | Build | Palisade Wall |
| 12:44 | Build | Palisade Wall |
| 12:48 | Build | House |
| 12:56 | Build | Farm |
| 13:00 | Build | Palisade Wall |
| 13:06 | Build | Farm |
| 13:10 | Create | Villager (Male) |
| 13:13 | Build | Farm |
| 13:18 | Build | Palisade Wall |
| 13:19 | Build | Palisade Wall |
| 13:21 | Build | Palisade Wall |
| 13:24 | Build | Palisade Wall |
| 13:52 | Build | Farm |
| 13:56 | Create | Villager (Male) |
| 14:11 | Build | Farm |
| 14:22 | Build | Farm |
| 14:23 | Create | Villager (Male) |
| 14:34 | Build | Palisade Wall |
| 14:41 | Create | Villager (Male) |
| 14:42 | Build | Farm |
| 14:51 | Research | Fletching |
| 15:02 | Create | Villager (Male) |
| 15:16 | Create | Villager (Male) |
| 15:20 | Build | Farm |
| 15:21 | Build | Farm |
| 15:32 | Create | Villager (Male) |
| 15:44 | Create | Villager (Male) |
| 15:50 | Build | Farm |
| 15:51 | Create | Villager (Male) |
| 16:01 | Create | Villager (Male) |
| 16:11 | Build | House |
| 16:21 | Create | Villager (Male) |
| 16:37 | Build | Mining Camp |
| 16:49 | Create | Villager (Male) |
| 16:55 | Create | Villager (Male) |
| 17:07 | Research | Double-Bit Axe |
| 18:01 | Create | Villager (Male) |
| 18:34 | Create | Villager (Male) |
| 18:51 | Create | Villager (Male) |
| 19:05 | Build | Barracks |
| 19:05 | Create | Villager (Male) |
| 19:08 | Build | Palisade Wall |
| 19:10 | Build | Palisade Wall |
| 19:12 | Create | Villager (Male) |
| 19:16 | Build | House |
| 20:10 | Build | Mining Camp |
| 20:15 | Create | Villager (Male) |
| 20:22 | Build | Palisade Wall |
| 20:28 | Create | Villager (Male) |
| 20:45 | Build | House |
| 21:00 | Build | Palisade Wall |
| 21:01 | Build | Palisade Wall |
| 21:21 | Create | Villager (Male) |
| 21:26 | Build | Stone Wall |
| 22:07 | Research | Wheelbarrow |
| 22:18 | Build | Watch Tower |
| 22:28 | Build | Lumber Camp |
| 23:15 | Create | Villager (Male) |
| 23:21 | Build | House |
| 23:25 | Build | Watch Tower |
| 23:39 | Build | Market |
| 24:12 | Research | Castle Age |
| 24:25 | Build | Mining Camp |
| 24:30 | Build | Stone Wall |
| 24:38 | Build | Farm |
| 24:46 | Build | Watch Tower |
| 24:54 | Build | House |
| 24:55 | Build | House |
| 25:58 | Build | House |
| 25:59 | Build | House |
| 26:15 | Create | Villager (Male) |
| 26:42 | Build | Watch Tower |
| 26:52 | Age | Castle Age |
| 26:56 | Create | Villager (Male) |
| 27:00 | Build | University |
| 27:06 | Build | Siege Workshop |
| 27:07 | Create | Villager (Male) |
| 27:14 | Build | Lumber Camp |
| 27:21 | Create | Villager (Male) |
| 27:30 | Create | Villager (Male) |
| 27:46 | Build | Blacksmith |
| 27:58 | Research | Guard Tower (upgrade) |
| 28:05 | Create | Villager (Male) |
| 28:12 | Research | Bodkin Arrow |
| 28:15 | Build | Farm |
| 28:16 | Build | Farm |
| 28:29 | Create | Villager (Male) |
| 28:45 | Create | Villager (Male) |
| 29:02 | Create | Villager (Male) |
| 29:20 | Create | Villager (Male) |
| 29:23 | Create | Scorpion |
| 29:27 | Create | Villager (Male) |
| 29:28 | Build | Farm |
Match timeline
| 5:29 | Pirate · first_building Barracks |
| 5:42 | Pirate · wall_segment Palisade Wall x1 |
| 8:15 | Pirate · wall_segment Palisade Wall x1 |
| 8:21 | Pirate · wall_segment Palisade Wall x1 |
| 8:24 | Pirate · wall_segment Palisade Wall x1 |
| 8:31 | DS_Alec · age_up feudal |
| 8:36 | Pirate · wall_segment Palisade Wall x1 |
| 8:40 | Pirate · wall_segment Palisade Wall x1 |
| 8:47 | Pirate · wall_segment Palisade Wall x1 |
| 8:48 | DS_Alec · wall_segment Palisade Wall x1 |
| 8:49 | DS_Alec · wall_segment Palisade Wall x1 |
| 8:50 | DS_Alec · wall_segment Palisade Wall x1 |
| 9:09 | Pirate · wall_segment Palisade Wall x1 |
| 9:10 | Pirate · wall_segment Palisade Wall x1 |
| 9:10 | Pirate · age_up feudal |
| 9:11 | Pirate · wall_segment Palisade Wall x1 |
| 9:17 | DS_Alec · wall_segment Palisade Wall x1 |
| 9:18 | DS_Alec · wall_segment Palisade Wall x1 |
| 9:43 | Pirate · wall_segment Palisade Wall x6 |
| 9:45 | Pirate · wall_segment Palisade Wall x1 |
| 9:45 | Pirate · wall_segment Palisade Wall x1 |
| 10:17 | DS_Alec · wall_segment Palisade Wall x1 |
| 10:18 | DS_Alec · wall_segment Palisade Wall x1 |
| 10:21 | DS_Alec · wall_segment Palisade Wall x1 |
| 10:31 | Pirate · wall_segment Palisade Wall x4 |
| 11:03 | Pirate · wall_segment Palisade Wall x1 |
| 11:05 | Pirate · wall_segment Palisade Wall x1 |
| 11:21 | DS_Alec · wall_segment Palisade Wall x1 |
| 11:33 | DS_Alec · wall_segment Palisade Wall x1 |
| 11:35 | DS_Alec · wall_segment Palisade Wall x1 |
| 11:36 | DS_Alec · wall_segment Palisade Wall x1 |
| 12:42 | DS_Alec · wall_segment Palisade Wall x1 |
| 12:44 | DS_Alec · wall_segment Palisade Wall x1 |
| 13:00 | DS_Alec · wall_segment Palisade Wall x1 |
| 13:18 | DS_Alec · wall_segment Palisade Wall x1 |
| 13:19 | DS_Alec · wall_segment Palisade Wall x1 |
| 13:21 | DS_Alec · wall_segment Palisade Wall x1 |
| 13:24 | DS_Alec · wall_segment Palisade Wall x1 |
| 14:34 | DS_Alec · wall_segment Palisade Wall x1 |
| 15:24 | Pirate · first_building Archery Range |
| 19:05 | DS_Alec · first_building Barracks |
| 19:08 | DS_Alec · wall_segment Palisade Wall x1 |
| 19:10 | DS_Alec · wall_segment Palisade Wall x1 |
| 20:22 | DS_Alec · wall_segment Palisade Wall x1 |
| 21:00 | DS_Alec · wall_segment Palisade Wall x1 |
| 21:01 | DS_Alec · wall_segment Palisade Wall x1 |
| 21:26 | DS_Alec · wall_segment Stone Wall x4 |
| 23:07 | Pirate · first_building Stable |
| 24:30 | DS_Alec · wall_segment Stone Wall x8 |
| 24:40 | Pirate · age_up castle |
| 24:47 | Pirate · first_building Siege Workshop |
| 26:24 | Pirate · first_building Castle |
| 26:40 | Pirate · first_building Monastery |
| 26:52 | DS_Alec · age_up castle |
| 27:06 | DS_Alec · first_building Siege Workshop |
| 27:42 | DS_Alec · first_market_buy 100 wood |
| 33:04 | DS_Alec · first_building Archery Range |
| 33:12 | Pirate · first_market_buy 100 food |
| 33:36 | Pirate · first_market_sell 100 food |
| 34:42 | DS_Alec · age_up imperial |
| 41:44 | DS_Alec · wall_segment Palisade Wall x1 |
| 41:47 | DS_Alec · wall_segment Palisade Wall x1 |
| 48:49 | Pirate · wall_segment Palisade Wall x1 |
| 48:51 | Pirate · wall_segment Palisade Wall x1 |
| 56:39 | Pirate · age_up imperial |
| 58:37 | DS_Alec · first_market_sell 100 food |
| 59:38 | DS_Alec · wall_segment Stone Wall x1 |
| 59:39 | DS_Alec · wall_segment Stone Wall x1 |
| 59:39 | DS_Alec · wall_segment Stone Wall x1 |
| 59:40 | DS_Alec · wall_segment Stone Wall x1 |
| 59:43 | DS_Alec · wall_segment Stone Wall x1 |
| 59:44 | DS_Alec · wall_segment Stone Wall x1 |
| 59:50 | DS_Alec · wall_segment Stone Wall x1 |
| 59:54 | DS_Alec · wall_segment Stone Wall x1 |
| 59:55 | DS_Alec · wall_segment Stone Wall x1 |
| 60:54 | DS_Alec · resign |
[ AI ANALYSIS · 1 CREDIT ]
What really happened in this match?
Wolo.gg analyzes every decision: build order, eco, micro, common mistakes by bracket. Personalized analysis on WhatsApp or Discord in 30 seconds.
Civ guide
Portuguese
Perfil
Jugador #1314256